 Dungeon Sprint DCSS version 0.25.1-2-g60ff931df9 (webtiles) character file.

Game seed: 3758204107997249825

3 sahdkjhfkaj the Gusty (level 1, -3/16 HPs)
             Began as a Centaur Air Elementalist on Oct 7, 2020.
             Slain by a kobold
             ... wielding a cursed -1 whip
              (4 damage)
             ... in the Dungeon (Sprint IX: "|||||||||||||||||||||||||||||").
             The game lasted 00:00:09 (14 turns).

sahdkjhfkaj the Gusty (Centaur Air Elementalist)      Turns: 14, Time: 00:00:09

Health: -3/16      AC:  4    Str: 10    XL:     1   Next: 41%
Magic:  0/3        EV:  9    Int: 14    God:
Gold:   0          SH:  0    Dex:  9    Spells: 2/3 levels left

rFire    . . .     SeeInvis .   (no weapon)
rCold    . . .     Gourm    .   (no shield)
rNeg     . . .     Faith    .   a - +0 robe
rPois    .         Spirit   .   (no helmet)
rElec    .         Reflect  .   (no cloak)
rCorr    .         Harm     .   (no gloves)
MR       .....     NoTele   +   (no barding)
Stlth    +.........             (no amulet)
HPRegen  0.05/turn              (no ring)
MPRegen  0.08/turn              (no ring)

@: very slightly contaminated, very quick
A: large, hooves 3, deformed body, speed 2, tough skin 3
a: no special abilities


You were in the Dungeon.
You were not hungry.

You visited 1 branch

Inventory:

Armour
 a - a +0 robe (worn)
Scrolls
 i - a scroll of blinking
Potions
 d - a potion of curing
 e - a potion of heal wounds
 f - a potion of haste
 g - 2 potions of magic
 h - a potion of berserk rage
Comestibles
 c - a ration


   Skills:
 + Level 1.0 Fighting
 - Level 1.3 Dodging
 - Level 1.1 Stealth
 + Level 1.8 Spellcasting
 * Level 1.6 Conjurations
 * Level 3.1 Air Magic


You had 2 spell levels left.
You knew the following spells:

 Your Spells              Type           Power        Failure   Level  Hunger
a - Shock                 Conj/Air       #...         9%          1    ##.....

Your spell library contained the following spells:

 Spells                   Type           Power        Failure   Level  Hunger
 Swiftness                Chrm/Air       #.......     19%         2    ###....
 Static Discharge         Conj/Air       #.......     26%         3    ####...
 Airstrike                Air            ##........   54%         4    #####..
 Lightning Bolt           Conj/Air       #.........   94%         5    ######.


Dungeon Overview and Level Annotations

Branches:
Dungeon (1/1)

Altars:


Innate Abilities, Weirdness & Mutations

You have hooves in place of feet.
Armour fits poorly on your strangely shaped body.
You cover ground very quickly.
You have extremely tough skin. (AC +3)


Message History

You kill the jackal!
Your Fighting skill increases to level 1!
The kobold throws a stone.
The stone barely misses you.
The kobold hits you with a cursed -1 whip.
There is an open door to the Dungeon here.
You hit the kobold but do no damage.
The kobold is severely wounded.
The kobold hits you but does no damage.
You closely miss the kobold.
The kobold is severely wounded.
The kobold hits you with a cursed -1 whip!
* * * LOW HITPOINT WARNING * * *
You hit the kobold.
The kobold is severely wounded.
The kobold hits you with a cursed -1 whip.
* * * LOW HITPOINT WARNING * * *
You barely miss the kobold.
The kobold is severely wounded.
The kobold hits you with a cursed -1 whip.
You die... ▓▓▓▓▓▓▓▓▓▓▓▓ +...gK@...<▓ ▓▓▓▓▓▓▓▓▓▓▓▓

You could see a hobgoblin and a kobold.

Vanquished Creatures
  A goblin (D)
  A jackal (D)
  A rat (D)
3 creatures vanquished.

Notes
Turn   | Place    | Note
-------+----------+-------------------------------------------
     0 | D        | sahdkjhfkaj the Centaur Air Elementalist began the quest
                  | for the Orb.
     0 | D        | Reached XP level 1. HP: 14/14 MP: 3/3
     4 | D        | Reached skill level 1 in Conjurations
     6 | D        | Reached skill level 3 in Air Magic
     9 | D        | Reached skill level 1 in Fighting
    14 | D        | Slain by a kobold

Illustrated notes

Levels and vault maps discovered:
D:        linesprint [early_d, line_temple, items_1, d_10, items_2, lair_1,
          lair_end, items_3, orc_1, orc_end, items_4, d_15, swamp_1, shoals_1,
          snake_1, spider_1, d_20, vaults_1, items_5, swamp_end, shoals_end,
          snake_end, spider_end, vaults_end, d_27, items_6, zot_1, zot_end,
          crypt_end, forest_end, elf_end, slime_end, tomb_end, abyss_end,
          pan_hell_end]

Skill      XL: |  1 |
---------------+----+-----
Conjurations   | 1 |  1.6
Air Magic      | 3 |  3.1
Fighting       | 1 |  1.0
Dodging        | |  1.3
Stealth        | |  1.1
Spellcasting   | |  1.8

Action                   || total
-------------------------++-------
Melee: Unarmed           ||     7
       Kick              ||     1
 Cast: Shock             ||     2
Armor: Robe              ||     3
Dodge: Dodged            ||     6
